 Dungeon Crawl Stone Soup version 0.31-a0-851-g7ff8af7976 (webtiles) character file.

Game seed: 4910452785687497529

938 Shobbz the Chopper (level 7, 0/52 (54) HPs)
             Began as a Minotaur Fighter on Oct 6, 2023.
             Was a Priest of Hepliaklqana.
             Slain by Blork the orc
             ... wielding a +0 glaive
              (10 damage)
             ... on level 6 of the Dungeon.
             The game lasted 00:58:33 (4139 turns).

Shobbz the Chopper (Minotaur Fighter)               Turns: 4139, Time: 00:58:33

HP:   0/52 (54)     AC:  4    Str: 19    XL:     7   Next: 87%
MP:   6/6           EV: 11    Int:  5    God:    Hepliaklqana [***...]
Gold: 40            SH:  0    Dex: 10    Spells: 3/6 levels left

rFire   . . .        a - +0 war axe
rCold   . . .        c - +0 buckler
rNeg    . . .        p - +1 leather armour of Fishug {rElec rPois Str-3 Stlth-}
rPois   +            (helmet restricted)
rElec   +            (no cloak)
rCorr   .            (no gloves)
SInv    .            (no boots)
Will    .....        (no amulet) Stlth
                     (no ring)
HPRegen 0.28/turn    (no ring)
MPRegen 0.10/turn

%: no passive effects
@: confused, lightly drained
A: reduced essence, horns 2, retaliatory headbutt
a: Renounce Religion, Recall Ancestor, Ancestor Identity, Transference


You were on level 6 of the Dungeon.
You worshipped Hepliaklqana.
Hepliaklqana was most pleased with you.
You visited 2 branches of the dungeon, and saw 7 of its levels.

You collected 236 gold pieces.
You spent 196 gold pieces at shops.

Inventory:

Hand Weapons
 a - a +0 war axe (weapon)
Armour
 b - a +0 scale mail
 c - a +0 buckler (worn)
 p - the +1 leather armour of Fishug (worn) {rElec rPois Str-3 Stlth-}
   (You bought it in a shop on level 1 of the Dungeon)

   Str-3:     It affects your strength (-3).
   rElec:     It insulates you from electricity.
   rPois:     It protects you from poison Stlth-: It makes you less stealthy.
Wands
 d - a wand of flame (16)
 m - a wand of roots (5)
 q - a wand of polymorph (6)
Scrolls
 f - 4 scrolls of teleportation
 i - a scroll of revelation {unknown}
 n - a scroll of torment
 o - a scroll of amnesia {unknown}
Potions
 e - 4 potions of haste
 g - a potion of cancellation {unknown}
 h - a potion of magic
 j - 2 potions of brilliance {unknown}
 k - a potion of resistance {unknown}
 l - a potion of berserk rage {unknown}
 r - a potion of attraction {unknown}
 s - a potion of mutation {unknown}


   Skills:
 + Level 5.6 Fighting
 + Level 7.0 Axes
 + Level 6.3 Armour
 + Level 2.0 Dodging
 + Level 0.4 Stealth
 + Level 5.4 Shields
 * Level 0.5 Ice Magic


You had 3 spell levels left.
You knew the following spells:

 Your Spells              Type           Power      Damage    Failure   Level
a - Ozocubu's Armour      Ice            0%         N/A       88%         3

Your spell library contained the following spells:

 Spells                   Type           Power      Damage    Failure   Level
 Olgreb's Toxic Radiance  Pois           0%         N/A       100%        4
 Haunt                    Necr/Summ      0%         N/A       100%        7
 Ozocubu's Refrigeration  Ice            0%         4d7       100%        7
 Borgnjor's Revivificati  Necr           0%         N/A       100%        8
 Discord                  Hex            0%         N/A       100%        8
 Ignition                 Fire           0%         3d3       100%        8
 Death's Door             Necr           0%         N/A       100%        9


Dungeon Overview and Level Annotations

Branches:
Dungeon (6/15)             Temple (1/1) D:5

Altars:
Ashenzari
Dithmenos
Elyvilon
Fedhas
Gozag
Hepliaklqana
Kikubaaqudgha
Makhleb
Qazlal
Sif Muna
Uskayaw
Wu Jian

Shops:
D:1 [::   D:2 [   D:5 ([

Annotations:
D:6 Blork the orc, Jeremiah


Innate Abilities, Weirdness & Mutations

Your life essence is reduced to manifest your ancestor. (-10% HP)
You have a pair of horns on your head.
You reflexively headbutt those who attack you in melee.


Message History

The orc barely misses you.
A gnoll comes into view. It is wielding a +0 spear.
The orc wizard attacks as it pursues you!
The orc wizard hits you but does no damage.
You feel drained.
Blork the orc grins evilly.
A gnoll comes into view. It is wielding a +0 whip.
The gnoll shouts!
The orc hits you with a +0 flail.
Blork the orc screams, "Die!"
Blork the orc barely misses you.
The orc wizard mumbles some strange words.
The orc wizard flickers and vanishes!
Deactivating autopickup; reactivate with Ctrl-A.
Autopickup is now on.
Blork the orc barely misses you. The gnoll completely misses you.
The gnoll bouda barks out a call to the hunt!
The gnolls pick up the pace!
Blork the orc barely misses you.
A scorpion comes into view.
You're too confused to move!
Your attacks no longer feel as feeble.
The orc barely misses you.
The gnoll hits you from afar with a +0 spear!
Blork the orc misses you.
You hear some strange, mumbled words.
A puff of flame appears from out of thin air!
Deactivating autopickup; reactivate with Ctrl-A.
The puff of flame hits you.
Autopickup is now on.
You hit Blork the orc but do no damage.
Blork the orc is moderately wounded.
You closely miss something. You barely miss the orc.
Blork the orc closely misses you. The orc hits you with a +0 flail.
* * * LOW HITPOINT WARNING * * *
The gnoll hits you from afar with a +0 spear.
* * * LOW HITPOINT WARNING * * *
Something completely misses you.
Blork the orc hits you with a +0 glaive!
You die...

###########
#.........#
#.........#
#.........#
###.........#
#.#.........#
##.[.†...##..#
##..8{g.8..##.#
#...@og.?...#..
#....o8.....# #
#..>g.g..>$.# #.
#..g..8.....#####.###
#!...g......#.......#
##..8s..8..##........
##.......##........<
###..............Ro
##$....bb.........


You could see Blork the orc (fast), a gnoll bouda, a scorpion, 5 gnolls and an
orc.

Vanquished Creatures
  A wyvern (D:4)
  An ogre (D:5)
  Dowan (D:5)
  An iguana (D:4)
  Terence (D:3)
  2 adders
  An orc (D:5)
  6 endoplasms
  A giant cockroach (D:4)
  5 hobgoblins
  A quokka (D:1)
  3 ball pythons
  A bat (D:1)
  2 frilled lizards
  7 goblins
  2 kobolds
  4 rats (D:1)
40 creatures vanquished.

Vanquished Creatures (collateral kills)
  Prince Ribbit (D:5)
  Duvessa (D:5)
  An orc warrior (D:6)
  A scorpion (D:5)
  A hound (D:4)
  Robin (D:2)
  4 gnolls (D:5)
  2 adders (D:4)
  An orc (D:6)
  An endoplasm (D:3)
  A giant cockroach (D:2)
  3 goblins (D:2)
  4 hobgoblins
  A ball python (D:3)
  2 bats
  A frilled lizard (D:3)
  3 kobolds (D:1)
29 creatures vanquished.

Vanquished Creatures (others)
  2 battlemagi (D:5)
2 creatures vanquished.

Grand Total: 71 creatures vanquished

Notes
Turn   | Place    | Note
-------+----------+-------------------------------------------
     0 | D:1      | Shobbz the Minotaur Fighter began the quest for the Orb.
     0 | D:1      | Reached XP level 1. HP: 19/19 MP: 0/0
   231 | D:1      | Found a faded altar of an unknown god.
   278 | D:1      | Prayed at the altar of an unknown god.
   278 | D:1      | Became a worshipper of Hepliaklqana the Forgotten
   278 | D:1      | Reached * piety under Hepliaklqana
   398 | D:1      | Reached XP level 2. HP: 24/24 MP: 1/1
   525 | D:1      | Found Bubolin's Book Boutique.
   724 | D:1      | Found Reon's Book Shoppe.
   738 | D:1      | Found Bexkofa's Antique Armour Shop.
  1256 | D:2      | Reached skill level 3 in Axes
  1324 | D:2      | Reached ** piety under Hepliaklqana
  1328 | D:2      | Remembered your ancestor Cihuaton as a battlemage
  1360 | D:2      | You fall into a shaft and drop 2 floors!
  1467 | D:4      | Noticed a wyvern
  1468 | D:4      | Reached XP level 3. HP: 27/29 MP: 2/2
  1536 | D:5      | Entered Level 5 of the Dungeon
  1547 | D:5      | Noticed Prince Ribbit
  1560 | D:5      | Killed Prince Ribbit
  1561 | D:5      | Reached skill level 5 in Axes
  1561 | D:5      | Reached XP level 4. HP: 24/36 MP: 3/3
  1561 | D:5      | Reached XP level 5. HP: 29/42 MP: 4/4
  1663 | D:4      | Reached XP level 6. HP: 43/47 MP: 5/5
  1754 | D:4      | Killed a wyvern
  1755 | D:4      | Reached skill level 5 in Armour
  1755 | D:4      | Reached skill level 1 in Dodging
  1983 | D:3      | Reached skill level 5 in Fighting
  2059 | D:3      | Found a hazy altar of Hepliaklqana.
  2147 | D:2      | Noticed Robin
  2158 | D:2      | Reached skill level 5 in Shields
  2158 | D:2      | Killed Robin
  2655 | D:1      | Bought an ancient leather armour for 196 gold pieces
  2655 | D:1      | Identified the +1 leather armour of Fishug {rElec rPois
                  | Str-3 Stlth-} (You bought it in a shop on level 1 of the
                  | Dungeon)
  2686 | D:3      | Found a blossoming altar of Fedhas.
  2694 | D:3      | Noticed Terence
  2700 | D:3      | Killed Terence
  2701 | D:3      | Reached skill level 6 in Axes
  3031 | D:5      | Reached *** piety under Hepliaklqana
  3070 | D:5      | Found a staircase to the Ecumenical Temple.
  3077 | D:5      | Reached XP level 7. HP: 41/54 MP: 6/6
  3081 | D:5      | Noticed Duvessa
  3081 | D:5      | Noticed Dowan
  3095 | D:5      | Killed Dowan
  3095 | D:5      | HP: 2/54 [Duvessa/+0 short sword (1)]
  3095 | D:5      | Killed Duvessa
  3129 | Temple   | Entered the Ecumenical Temple
  3267 | D:5      | Found Gyajarul's Antique Armour Shop.
  3359 | D:6      | Noticed Jeremiah
  3757 | D:5      | Learned a level 3 spell: Ozocubu's Armour
  3801 | D:5      | Found Qosoleta's Weapon Shop.
  4099 | D:6      | Noticed Blork the orc
  4103 | D:5      | Reached skill level 7 in Axes
  4139 | D:6      | Slain by Blork the orc

Illustrated notes

Levels and vault maps discovered:
D:1:      eino_arrival_water_star, layout_loops_corners,
          dreamdust_ecumenical_altar_hidden_monk_grotto, serial_shops, shop,
          nicolae_shop_statue_plus, shop
D:2:      layout_basic, kennysheep_big_empty_room, nicolae_figureground_pulse,
          uniq_robin
D:3:      layout_basic, hangedman_ru_absence, fedhas_ov_isle_minmay,
          worldfamousw_hep_ancestral_shrine, mainiacjoe_overflow_paths,
          serial_forest, infiniplex_forest_lined_1, infiniplex_forest_end_2,
          infiniplex_forest_lined_corner, infiniplex_forest_end_double,
          infiniplex_forest_zigzag_1, infiniplex_forest_split,
          infiniplex_forest_straight_2, uniq_terence
D:4:      layout_rooms, mainiacjoe_overflow_swirl
D:5:      layout_loops_corners, minmay_temple_entry_grid, serial_shops, shop,
          nicolae_shop_scrapyard, uniq_duvessa, uniq_prince_ribbit1
D:6:      layout_rooms, zin_purify, nicolae_yredelemnul_ghost_church,
          grunt_ministairs_10, uniq_blork_the_orc, uniq_jeremiah
Temple:   compressed_dpeg_circular_temple

Skill      XL: |  1  2  3  4  5  6  7 |
---------------+----------------------+-----
Armour         | 4 5 6 |  6.3
Shields        | 4 5 |  5.4
Axes           | 3 5 6 7 |  7.0
Fighting       | 4 5 |  5.6
Dodging        | 1 2 |  2.0
Stealth        | |  0.4
Ice Magic      | |  0.5

Action                     |  1- 3 |  4- 6 |  7- 9 || total
---------------------------+-------+-------+-------++-------
  Melee: War axe           |    82 |    62 |    19 ||   163
         Headbutt          |    14 |    19 |     3 ||    36
 Invoke: Ancestor Identity |     1 |       |       ||     1
         Ancestor Life: Ba |     1 |       |       ||     1
         Recall Ancestor   |     1 |     2 |       ||     3
    Use: Scroll            |     3 |     4 |     4 ||    11
         Potion            |       |     1 |     4 ||     5
 Armour: Scale mail        |    39 |    17 |       ||    56
         Leather armour    |       |     2 |    36 ||    38
  Dodge: Dodged            |    22 |    16 |    28 ||    66
  Block: Buckler           |    16 |     6 |    11 ||    33

Table legend: (Time is in decaauts)
 A = Elapsed time spent in this place.
 B = Non-inter-level travel time spent in this place.
 C = Inter-level travel time spent in this place.
 D = Time resting spent in this place.
 E = Time spent auto-exploring this place.
 F = Levels seen in this place.
 G = Mean time per level.
                   A        B        C        D        E       F      G
               +--------+--------+--------+--------+--------+-----+--------+
         Total |   4210 |   2912 |   1298 |      0 |      0 |   7 |  601.4 |
       Dungeon |   4080 |   2782 |   1298 |      0 |      0 |   6 |  680.0 |
        Temple |    129 |    129 |      0 |      0 |      0 |   1 |  129.0 |
               +--------+--------+--------+--------+--------+-----+--------+

Top non-repeatable levels by time:
     D:1: 1571 daAuts
     D:5: 1189 daAuts
     D:4: 615 daAuts
     D:2: 369 daAuts
     D:3: 295 daAuts
  Temple: 129 daAuts
     D:6: 38 daAuts
